 Dungeon Crawl Stone Soup version 0.28.0-53-g5a82cb258f (webtiles) character file.

Game seed: 812071304707511311

244698 Minsecho the Hoplite (level 18, -3/174 HPs)
             Began as a Minotaur Fighter on July 19, 2022.
             Was the Champion of Qazlal.
             Slain by a cacodemon (5 damage)
             ... on level 2 of the Abyss.
             The game lasted 01:38:35 (37931 turns).

Minsecho the Hoplite (Minotaur Fighter)            Turns: 37931, Time: 01:38:35

Health: -3/174     AC: 48    Str: 29      XL:     18   Next: 74%
Magic:  0/13       EV: 16    Int:  0 (1)  God:    Qazlal [******]
Gold:   2484       SH: 26    Dex: 20      Spells: 17/17 levels left

rFire   . . .      SeeInvis .   j - +7 mace "Cyibixel" {speed, rC+}
rCold   + + +      Faith    .   X - +0 kite shield {AC+3}
rNeg    . . .      Spirit   +   M - +15 plate armour "Ejyxyo" {Rampage Str+4}
rPois   +          Reflect  .   C - +3 hat of Oblivion {rElec rC++}
rElec   +          Harm     .   P - +2 cloak of Hide-and-Seek {Dex+2}
rCorr   .          Rampage  +   B - +4 pair of gloves of the Original Sin {rPois}
Will    +....      Clarity  +   (no boots)
Stlth   ..........              u - amulet of guardian spirit
HPRegen 0.00/turn               o - ring of poison resistance
MPRegen 0.13/turn               k - +4 ring of evasion

@: sick, inhibited regen, slowed, lost intelligence, studying Stealth, repel
missiles, unable to read, very slow
A: horns 2, retaliatory headbutt, thin skeletal structure 1, clarity, strong 1,
[dopey 2], [low MP 2], [screaming 2], [inhibited regeneration], [subdued magic
2]
}: 2/15 runes: decaying, gossamer
a: Renounce Religion, Upheaval, Elemental Force, Disaster Area


You were on level 2 of the Abyss.
You worshipped Qazlal.
Qazlal was exalted by your worship.
You visited 6 branches of the dungeon, and saw 31 of its levels.
You visited the Abyss 3 times.
You also visited: Gauntlet.

You collected 2580 gold pieces.
You spent 96 gold pieces at shops.

Inventory:

Hand Weapons
 j - the +7 mace "Cyibixel" (weapon) {speed, rC+}
   (You found it on level 2 of the Dungeon)

   Attacks with this weapon are significantly faster.
   rC:        It protects you from cold.
 I - a +6 morningstar of holy wrath
Armour
 B - the +4 pair of gloves of the Original Sin (worn) {rPois}
   (You found it on level 2 of the Lair of Beasts)

   rPois:     It protects you from poison.
 C - the +3 hat of Oblivion (worn) {rElec rC++}
   (You found it in a Gauntlet)

   rC:        It greatly protects you from cold.
   rElec:     It insulates you from electricity.
 M - the +15 plate armour "Ejyxyo" (worn) {Rampage Str+4}
   (You found it on level 10 of the Dungeon)

   Str:       It affects your strength (+4).
   Rampage:   It bestows one free step when moving towards enemies.
 P - the +2 cloak of Hide-and-Seek (worn) {Dex+2}
   (You acquired it on level 6 of the Lair of Beasts)

   Dex:       It affects your dexterity (+2).
 X - a +0 kite shield of protection (worn)
Jewellery
 a - the ring "Qihis" {rElec rN+ SInv}
   (You found it on level 3 of the Lair of Beasts)

   [ring of see invisible]

   rElec:     It insulates you from electricity.
   rN:        It protects you from negative energy.
   SInv:      It lets you see invisible.
 c - a ring of willpower
 f - a +6 ring of dexterity
 g - the ring "Basuhupp" {rElec rN+ Dex+4}
   (You found it in a Gauntlet)

   [ring of positive energy]

   Dex:       It affects your dexterity (+4).
   rElec:     It insulates you from electricity.
   rN:        It protects you from negative energy.
 h - the amulet "Vutubior" {Faith rPois rF- Will+}
   (You found it on level 10 of the Dungeon)

   [amulet of faith]

   It allows you to gain divine favour quickly.
   rF:        It makes you vulnerable to fire.
   rPois:     It protects you from poison.
   Will:      It increases your willpower.
 k - a +4 ring of evasion (right hand)
 l - a +6 ring of intelligence
 o - a ring of poison resistance (left hand)
 u - an amulet of guardian spirit (around neck)
 y - a ring of wizardry
 D - a +6 ring of intelligence
 O - an amulet of magic regeneration
 T - a ring of protection from fire
Wands
 e - a wand of digging (35)
 t - a wand of acid (4)
 v - a wand of charming (15)
 G - a wand of polymorph (7)
 S - a wand of mindburst (15)
 U - a wand of paralysis (18)
 W - a wand of iceblast (39)
Scrolls
 d - 2 scrolls of holy word
 i - 4 scrolls of magic mapping
 q - 4 scrolls of immolation
 w - 2 scrolls of torment
 x - 12 scrolls of teleportation
 E - 7 scrolls of fog
 F - a scroll of brand weapon
 H - 2 scrolls of blinking
 J - 6 scrolls of summoning
 K - 3 scrolls of fear
 L - a scroll of silence
Potions
 b - a potion of might
 p - 2 potions of magic
 r - 6 potions of lignification
 s - 4 potions of curing
 z - 5 potions of mutation
 A - 2 potions of flight
 N - 6 potions of ambrosia
 Q - a potion of resistance
 R - a potion of cancellation
 V - 5 potions of attraction
 Y - 2 potions of haste
 Z - 2 potions of invisibility


   Skills:
 + Level 18.9 Fighting
 - Level 2.7(13.9) Axes
 + Level 20.8 Maces & Flails
 + Level 17.0 Armour
 + Level 7.1 Dodging
 + Level 3.0 Stealth
 + Level 23.7 Shields
 + Level 1.5 Evocations


You had 17 spell levels left.
You didn't know any spells.
Your spell library contained the following spells:

 Spells                   Type           Power      Damage    Failure   Level
 Animate Skeleton         Necr           0%         N/A       98%         1
 Apportation              Tloc           0%         N/A       98%         1
 Beastly Appendage        Tmut           0%         N/A       98%         1
 Pain                     Necr           0%         1d4       98%         1
 Slow                     Hex            0%         N/A       98%         1
 Sting                    Tmut/Pois      0%         1d3       98%         1
 Summon Small Mammal      Summ           0%         N/A       98%         1
 Ensorcelled Hibernation  Hex/Ice        0%         N/A       99%         2
 Passwall                 Tmut/Erth      0%         N/A       99%         2
 Poisonous Vapours        Pois/Air       0%         N/A       99%         2
 Static Discharge         Conj/Air       0%         N/A       99%         2
 Wereblood                Tmut           0%         N/A       99%         2
 Confusing Touch          Hex            0%         N/A       100%        3
 Conjure Flame            Conj/Fire      0%         6-21      100%        3
 Inner Flame              Hex/Fire       0%         N/A       100%        3
 Spider Form              Tmut/Pois      0%         N/A       100%        3
 Tukima's Dance           Hex            0%         N/A       100%        3
 Vampiric Draining        Necr           0%         2d6       100%        3
 Anguish                  Hex/Necr       0%         N/A       100%        4
 Olgreb's Toxic Radiance  Pois           0%         N/A       100%        4
 Passage of Golubria      Tloc           0%         N/A       100%        4
 Yara's Violent Unravell  Hex/Tmut       0%         3d3       100%        5
 Statue Form              Tmut/Erth      0%         N/A       100%        6
 Enfeeble                 Hex            0%         N/A       100%        7
 Malign Gateway           Summ/Tloc      0%         N/A       100%        7
 Storm Form               Tmut/Air       0%         N/A       100%        7
 Summon Horrible Things   Summ           0%         N/A       100%        8


Dungeon Overview and Level Annotations

Branches:
Dungeon (15/15)            Temple (1/1) D:4            Lair (6/6) D:10
  Swamp (4/4) Lair:4       Spider (4/4) Lair:4        Slime (0/5) Lair:5
    Orc (0/2) D:11         Vaults (1/5) D:14         Depths (0/4) D:15
Gauntlet (visited)

Altars:
Ashenzari
Cheibriados
Dithmenos
Elyvilon
Fedhas
Gozag
Hepliaklqana
Okawaru
Qazlal
Sif Muna
Trog
Uskayaw
Vehumet
Wu Jian
Xom
Zin
The Shining One
Jiyva

Shops:
D:5 ==   D:9 [   D:15 *   Vaults:1 :


Innate Abilities, Weirdness & Mutations

You have a pair of horns on your head.
You reflexively headbutt those who attack you in melee.
You have a somewhat thin skeletal structure. (Dex +2, Stealth+)
You possess an exceptional clarity of mind.
Your muscles are strong. (Str +2)
[You are very dopey. (Int -4)]
[Your magical capacity is very low. (-20% MP)]
[You frequently scream uncontrollably at your foes.]
[You do not regenerate when monsters are visible.]
[Your spells are easier to cast, but less powerful.]


Message History

The cacodemon hits you but does no damage.
Found a gateway leading deeper into the Abyss.
The kobold demonologist looks braver for a moment.
You block the cacodemon's attack. x2
The cacodemon hits you!
* * * LOW HITPOINT WARNING * * *
You block the cacodemon's attack.
The kobold demonologist casts a spell.
A blast of chaos appears from out of thin air!
The blast of chaos engulfs you but does no damage.
You are poisoned.
You resist. The cacodemon hits you!
* * * LOW HITPOINT WARNING * * *
You block the cacodemon's attack.
* * * LOW HITPOINT WARNING * * *
You feel very sick.
The cacodemon is engulfed in blazing flames.
You block the cacodemon's attack. x2
The kobold demonologist miscasts a cantrip.
You recover from your berserk rage.
* * * LOW HITPOINT WARNING * * *
You feel sick. You block the cacodemon's attack. x2
You block the quasit's attack. The quasit misses you.
The quasit claws you but does no damage.
* * * LOW HITPOINT WARNING * * *
You feel sick.
You hear a shout!
The quasit is engulfed in blazing flames.
You block the cacodemon's attack. x2
You hear a loud, deep croak!
A shadow demon comes into view.
* * * LOW HITPOINT WARNING * * *
You feel sick.
The cacodemon rages.
You block the cacodemon's attack. x4
You feel better. The quasit closely misses you.
You block the quasit's attack. x2
The cacodemon hits you!
* * * LOW HITPOINT WARNING * * *
The cacodemon hits you.
You die...

. #. .. ... #.
.###.#. .
....... .#
...#. #. #.○☼#.
###..
#.###..>##...#
......○@○.####
#######25....#
.#...#.#○..#...
#....○5#K§.###.
#. ..#....##..#
###.......#2#
#.#...#...##..
###..## ....
#..#####.# .#


You could see a cacodemon (berserk), a shadow demon, a kobold demonologist and 2
quasits.

Vanquished Creatures
  A bone dragon (Abyss:2)
  Arachne (Spider:1)
  The ghost of Lucloalu the Slayer, an adept DjWz of Lugonu (Spider:2)
  Jorgrun (D:12)
  Mlioglotl (Lair:4)
  A tentacled monstrosity (Swamp:3)
  The ghost of MiltankisOP the Bringer of Law, an adept GnWn of Zin (Spider:4)
  A sphinx (Vaults:1)
  A thorn hunter (Swamp:4)
  Roxanne (D:14)
  11 emperor scorpions
  6 ghost moths
  3 ironbound preservers (Vaults:1)
  A very ugly thing (D:14)
  The ghost of Jingleheimer the Severer, a journeyman FoFi of Qazlal (Lair:3)
  2 broodmothers
  4 eleionomae
  An ironbound thunderhulk (Vaults:1)
  A spark wasp (Spider:2)
  A minotaur (Gauntlet)
  2 bunyips
  2 lorocyprocas
  5 dire elephants
  A spark wasp (shapeshifter) (Gauntlet)
  An entropy weaver (Spider:2)
  The ghost of Imhoden the Protected, a journeyman MiFi of Okawaru (Spider:1)
  A yaktaur captain (Vaults:1)
  A fire dragon (shapeshifter) (D:14)
  A shambling mangrove (Swamp:4)
  3 ironbound frosthearts (Vaults:1)
  2 rakshasas (D:15)
  24 hydras
  An ogre mage (D:15)
  6 boulder beetles
  An ice dragon (Swamp:4)
  A vault guard (D:14)
  4 centaur warriors
  A radroach (Spider:1)
  12 two-headed ogres
  4 hell hogs (Abyss:2)
  2 thrashing horrors
  13 alligators
  4 tengu warriors (D:14)
  3 spectral emperor scorpions (Spider:2)
  14 death yaks
  2 spriggan berserkers
  Nergalle (D:12)
  3 wretched stars
  A deep elf knight (Swamp:3)
  A sixfirhy (Abyss:3)
  6 steelbarb worms
  9 pharaoh ants
  A spectral death yak (Lair:6)
  8 spriggan druids
  16 deep trolls (Vaults:1)
  A glowing orange brain (D:15)
  3 skeletal warriors (D:15)
  A spatial maelstrom (Abyss:2)
  A spectral anaconda (Lair:6)
  A goliath frog (Swamp:3)
  A steelbarb worm (shapeshifter) (Gauntlet)
  11 orb spiders
  An orange crystal statue (Spider:1)
  A wizard (Vaults:1)
  6 bog bodies
  A shadow demon (Abyss:2)
  An obsidian statue (Lair:6)
  A deep elf archer (Swamp:3)
  10 swamp dragons
  6 ironbound convokers (Vaults:1)
  3 deep elf pyromancers
  4 necromancers (Lair:6)
  21 ugly things
  An oklob plant (Spider:1)
  18 wolf spiders
  3 manticores
  A cyclops (D:12)
  A worldbinder (Abyss:5)
  5 moths of wrath
  A centaur zombie (D:10)
  8 will-o-the-wisps
  16 elephants (Lair:6)
  A water nymph (shapeshifter) (Gauntlet)
  An emperor scorpion simulacrum (Spider:2)
  A black mamba (Lair:5)
  12 torpor snails
  A vault sentinel (Vaults:1)
  An apocalypse crab (Abyss:3)
  16 cane toads
  3 smoke demons (Abyss:2)
  3 demonic crawlers (Spider:1)
  A rime drake (Lair:6)
  2 efreet
  A kobold demonologist (D:12)
  4 yaktaurs (Vaults:1)
  2 unseen horrors
  2 spark wasp simulacra (Spider:2)
  A ghost moth simulacrum (Spider:2)
  11 komodo dragons
  5 ancient zymes
  A wolf spider simulacrum (Gauntlet)
  4 trolls
  10 tyrant leeches
  9 meliai
  26 tarantellas
  A broodmother simulacrum (Spider:2)
  16 hornets
  A polar bear (Lair:4)
  8 slime creatures
  3 spectral elephants (Lair:6)
  A dream sheep (shapeshifter) (D:15)
  6 dream sheep (Lair:4)
  17 blink frogs
  5 large abominations
  10 raiju
  15 jumping spiders
  Sigmund (D:3)
  4 centaur simulacra
  A culicivora (shapeshifter) (D:13)
  A vampire (D:7)
  16 spriggans
  45 yaks
  32 culicivoras
  A dire elephant simulacrum (Lair:6)
  A wraith (D:12)
  A ynoxinul (Abyss:2)
  Grum (D:11)
  3 fire bats (Abyss:2)
  A human (shapeshifter) (D:14)
  10 wyverns
  5 basilisks
  2 neqoxecs (Abyss:2)
  A steam dragon (D:8)
  2 death yak simulacra (Lair:6)
  61 redbacks
  7 vampire mosquitoes (D:13)
  18 swamp worms
  A harpy simulacrum (Gauntlet)
  4 acid dragons
  12 water moccasins
  A floating eye (shapeshifter) (D:14)
  11 small abominations
  4 orc warriors
  2 hornet zombies
  6 swamp drakes (Swamp:4)
  An ice beast (D:8)
  A black bear (D:10)
  3 necrophages
  2 ogres
  12 wolves
  An elephant zombie (Lair:6)
  5 boggarts (D:15)
  11 centaurs
  2 kobold brigands
  2 phantoms (D:5)
  A water moccasin zombie (D:5)
  10 bullfrogs
  3 cane toad simulacra (Lair:6)
  An earth elemental (Abyss:5)
  A gnoll sergeant (D:8)
  A scorpion (D:6)
  An elephant simulacrum (Lair:6)
  19 killer bees
  2 electric eels
  A howler monkey (D:4)
  3 jellies
  A crimson imp (Abyss:2)
  2 hounds
  A quasit (Abyss:3)
  6 orc priests
  An iron imp (Abyss:2)
  4 iguanas
  5 orc wizards
  A scorpion zombie (D:5)
  A hound zombie (D:5)
  Robin (D:2)
  7 gnolls
  6 adders
  A howler monkey skeleton (D:5)
  A shadow imp (D:7)
  A white imp (D:7)
  An ufetubus (D:6)
  An adder skeleton (D:5)
  3 dart slugs (D:1)
  26 orcs
  12 endoplasms
  4 giant cockroaches
  8 goblins
  11 hobgoblins
  7 jackals
  5 quokkas
  6 ball pythons
  6 bats
  4 frilled lizards
  14 kobolds
  2 rats
1015 creatures vanquished.

Vanquished Creatures (collateral kills)
  A bullfrog zombie (D:5)
  An orc priest (D:5)
  A scorpion zombie (D:5)
3 creatures vanquished.

Vanquished Creatures (others)
  An alligator (Swamp:1)
  3 bloated husks
  2 hornets
  2 culicivoras
  2 spriggans
  A redback (Spider:1)
  A swamp drake (Swamp:4)
  A black bear (D:10)
  42 foxfires
  10 fungi
  A lurking horror (Abyss:2)
  27 plants
  4 starspawn tentacles (Lair:4)
  33 withered plants
130 creatures vanquished.

Grand Total: 1148 creatures vanquished

Notes
Turn   | Place    | Note
-------+----------+-------------------------------------------
     0 | D:1      | Minsecho the Minotaur Fighter began the quest for the Orb.
     0 | D:1      | Reached XP level 1. HP: 19/19 MP: 0/0
   176 | D:1      | Reached XP level 2. HP: 27/27 MP: 1/1
   181 | D:1      | Reached skill level 4 in Shields
   595 | D:2      | Found a stormy altar of Qazlal.
   599 | D:2      | Identified the +7 mace "Cyibixel" {speed, rC+}
   604 | D:2      | Reached XP level 3. HP: 33/33 MP: 2/2
   702 | D:2      | Noticed Robin
   726 | D:2      | Killed Robin
   727 | D:2      | Reached skill level 1 in Maces & Flails
   933 | D:2      | Reached XP level 4. HP: 39/41 MP: 3/3
  1031 | D:2      | Found a faded altar of an unknown god.
  1551 | D:3      | Noticed Sigmund
  1561 | D:3      | Killed Sigmund
  1562 | D:3      | Reached XP level 5. HP: 32/47 MP: 4/4
  1715 | D:3      | Reached skill level 5 in Maces & Flails
  1715 | D:3      | Reached XP level 6. HP: 53/55 MP: 5/5
  1850 | D:3      | Found a bloodstained altar of Trog.
  1942 | D:3      | Found a faded altar of an unknown god.
  2012 | D:3      | Found a white marble altar of Elyvilon.
  2012 | D:3      | Found a broken altar of Ashenzari.
  2043 | D:4      | Found a staircase to the Ecumenical Temple.
  2054 | Temple   | Entered the Ecumenical Temple
  2119 | Temple   | Became a worshipper of Qazlal Stormbringer
  2414 | D:4      | Reached skill level 5 in Armour
  2414 | D:4      | Reached skill level 1 in Dodging
  2414 | D:4      | Reached XP level 7. HP: 52/60 MP: 6/6
  2862 | D:5      | Entered Level 5 of the Dungeon
  2873 | D:5      | Reached skill level 5 in Fighting
  2988 | D:5      | Found Saoluts's Jewellery Emporium.
  3055 | D:5      | Found Syulyn's Jewellery Boutique.
  3131 | D:5      | Reached XP level 8. HP: 68/68 MP: 7/7
  3204 | D:5      | Reached * piety under Qazlal
  4121 | D:6      | Found a radiant altar of Vehumet.
  4292 | D:6      | Reached skill level 10 in Maces & Flails
  5185 | D:7      | Found a glowing silver altar of Zin.
  5298 | D:7      | Reached skill level 5 in Shields
  5301 | D:7      | Reached XP level 9. HP: 52/77 MP: 5/8
  5748 | D:8      | Noticed a two-headed ogre
  5879 | D:8      | Reached ** piety under Qazlal
  6012 | D:8      | Reached skill level 1 in Stealth
  6183 | D:8      | Reached skill level 6 in Shields
  6597 | D:8      | Killed a two-headed ogre
  6598 | D:8      | Reached XP level 10. HP: 49/88 MP: 2/9
  7307 | D:9      | Identified the +6 plate armour of Nypunnekh {Regen+}
  7347 | D:9      | Identified the +0 scale mail of the Trees {+Blink rN+++
                  | Will++ Str-5}
  7398 | D:9      | Found Piuppil's Armour Shoppe.
  7529 | D:9      | Found an opulent altar of Gozag.
  7809 | D:10     | Entered Level 10 of the Dungeon
  7835 | D:10     | Noticed a two-headed ogre
  7872 | D:10     | Killed a two-headed ogre
  7877 | D:10     | Reached skill level 7 in Shields
  8008 | D:10     | Found a staircase to the Lair.
  8015 | D:10     | Reached skill level 5 in Dodging
  8071 | D:10     | Reached *** piety under Qazlal
  8103 | D:10     | Identified the +15 plate armour "Ejyxyo" {Rampage Str+4}
  8182 | D:10     | Reached XP level 11. HP: 95/95 MP: 10/10
  8349 | D:10     | Noticed a six-headed hydra
  8356 | D:10     | Killed a six-headed hydra
  8432 | D:10     | Found a flagged portal.
  9421 | D:10     | Identified the amulet "Vutubior" {Faith rPois rF- Will+}
  9574 | D:11     | Noticed Grum
  9583 | D:11     | Killed Grum
  9584 | D:11     | Reached skill level 15 in Maces & Flails
  9603 | D:11     | Noticed a boulder beetle
  9622 | D:11     | Killed a boulder beetle
  9772 | D:11     | Reached skill level 8 in Shields
  9852 | D:11     | Found a staircase to the Orcish Mines.
 10419 | D:12     | Noticed Nergalle
 10432 | D:12     | Noticed a spectral orc warlord
 10436 | D:12     | Killed Nergalle
 10543 | D:12     | Noticed a two-headed ogre
 10551 | D:12     | Killed a two-headed ogre
 10552 | D:12     | Reached skill level 10 in Fighting
 10864 | D:12     | Noticed a two-headed ogre
 10870 | D:12     | Killed a two-headed ogre
 10871 | D:12     | Reached skill level 9 in Shields
 10975 | D:12     | Noticed Jorgrun
 10999 | D:12     | Killed Jorgrun
 11000 | D:12     | Reached skill level 1 in Evocations
 11000 | D:12     | Reached XP level 12. HP: 36/107 MP: 1/11
 11309 | D:12     | Reached skill level 10 in Armour
 11887 | D:13     | Noticed a two-headed ogre
 11895 | D:13     | Killed a two-headed ogre
 12032 | D:13     | Noticed a two-headed ogre
 12039 | D:13     | Killed a two-headed ogre
 12128 | D:13     | Noticed a centaur warrior
 12140 | D:13     | Killed a centaur warrior
 12143 | D:13     | Reached **** piety under Qazlal
 12197 | D:13     | Noticed a centaur warrior
 12215 | D:13     | Killed a centaur warrior
 12235 | D:13     | Reached skill level 10 in Shields
 12892 | D:14     | Noticed a tengu warrior
 12895 | D:14     | Noticed a tengu warrior
 12905 | D:14     | Killed a tengu warrior
 12914 | D:14     | Killed a tengu warrior
 13035 | D:14     | Noticed a four-headed hydra
 13042 | D:14     | Killed a four-headed hydra
 13052 | D:14     | Noticed a boulder beetle
 13062 | D:14     | Killed a boulder beetle
 13213 | D:14     | Noticed a tengu warrior
 13214 | D:14     | Noticed a tengu warrior
 13220 | D:14     | Killed a tengu warrior
 13221 | D:14     | Reached XP level 13. HP: 116/116 MP: 12/12
 13460 | D:14     | Identified Roxanne's Volume of Transmutation
 13460 | D:14     | Noticed Roxanne
 13492 | D:14     | Killed Roxanne
 13493 | D:14     | Reached skill level 11 in Shields
 13698 | D:14     | Noticed a fire dragon
 13712 | D:14     | Killed a fire dragon
 13814 | D:14     | Noticed a purple very ugly thing
 13831 | D:14     | Killed a purple very ugly thing
 14066 | D:14     | Found a gate to the Vaults.
 14068 | D:14     | Got Heutopno's Tome of Cloudy Fire
 14162 | D:15     | Entered Level 15 of the Dungeon
 14162 | D:15     | Found Wisazu's General Store.
 14166 | D:15     | Bought a potion of curing for 36 gold pieces
 14166 | D:15     | Bought a potion of heal wounds for 60 gold pieces
 14246 | D:15     | Reached ***** piety under Qazlal
 14580 | D:15     | Noticed a fire dragon
 14597 | D:15     | Reached skill level 12 in Shields
 15399 | D:15     | Reached XP level 14. HP: 124/129 MP: 11/13
 15796 | D:15     | Found a staircase to the Depths.
 16033 | Lair:1   | Entered Level 1 of the Lair of Beasts
 16707 | Lair:2   | Identified the +4 pair of gloves of the Original Sin
                  | {rPois}
 16930 | Lair:2   | You fall into a shaft and drop 2 floors!
 16930 | Lair:4   | Found a hole to the Spider Nest.
 17021 | Lair:4   | Reached skill level 13 in Shields
 17286 | Lair:4   | Found a gate leading to a gauntlet.
 17294 | Gauntlet | Entered a Gauntlet
 17294 | Gauntlet | Found the +12 glaive of Prune {vorpal}
 17294 | Gauntlet | Found a transporter.
 17294 | Gauntlet | Found a transporter.
 17298 | Gauntlet | Found a transporter.
 17300 | Gauntlet | Found a transporter.
 17304 | Gauntlet | Found a transporter.
 17304 | Gauntlet | Found a transporter.
 17317 | Gauntlet | Found a transporter.
 17319 | Gauntlet | Found a transporter.
 17320 | Gauntlet | Found a transporter.
 17320 | Gauntlet | Found a transporter.
 17345 | Gauntlet | Found a transporter.
 17349 | Gauntlet | Noticed an emperor scorpion
 17349 | Gauntlet | a dire elephant changed into an emperor scorpion
 17351 | Gauntlet | Found a transporter.
 17352 | Gauntlet | an emperor scorpion changed into a seven-headed hydra
 17458 | Gauntlet | Noticed a broodmother
 17460 | Gauntlet | a broodmother changed into a fire dragon
 17574 | Gauntlet | Identified the ring "Basuhupp" {rElec rN+ Dex+4}
 17638 | Gauntlet | Identified the +3 hat of Oblivion {rElec rC++}
 18154 | Lair:4   | Found a staircase to the Swamp.
 18713 | Lair:5   | Reached skill level 14 in Shields
 19410 | Lair:5   | Found a viscous altar of Jiyva.
 19410 | Lair:5   | Found a staircase to the Slime Pits.
 19674 | Lair:6   | Entered Level 6 of the Lair of Beasts
 19705 | Lair:6   | Reached XP level 15. HP: 128/138 MP: 12/14
 19724 | Lair:5   | Reached ****** piety under Qazlal
 20101 | Lair:6   | Reached skill level 15 in Shields
 20933 | Lair:6   | Identified the +7 chain mail "Tuowaw" {Harm Int+5 Dex+3}
 20988 | Lair:6   | Identified a scroll of acquirement
 20989 | Lair:6   | Acquired the +2 cloak of Hide-and-Seek {Dex+2}
 21009 | Lair:6   | Gained mutation: You have a somewhat thin skeletal
                  | structure. (Dex +2, Stealth+) [potion of mutation]
 21009 | Lair:6   | Gained mutation: You possess an exceptional clarity of
                  | mind. [potion of mutation]
 21621 | Swamp:1  | Entered Level 1 of the Swamp
 21763 | Swamp:1  | Noticed Mlioglotl
 22025 | Lair:4   | Noticed a tentacled starspawn
 22029 | Lair:4   | Noticed a bone dragon
 22037 | Lair:4   | Killed Mlioglotl
 22218 | Swamp:1  | Reached skill level 16 in Shields
 22291 | Swamp:1  | Reached skill level 15 in Fighting
 23206 | Swamp:2  | Reached skill level 15 in Armour
 23224 | Swamp:2  | Reached XP level 16. HP: 92/149 MP: 10/15
 23509 | Swamp:2  | Reached skill level 17 in Shields
 25063 | Swamp:4  | Entered Level 4 of the Swamp
 25133 | Swamp:4  | Noticed a tentacled monstrosity
 25370 | Swamp:3  | Reached skill level 18 in Shields
 25532 | Swamp:3  | Killed a tentacled monstrosity
 25746 | Swamp:4  | Noticed a thorn hunter
 25768 | Swamp:4  | Killed a thorn hunter
 26443 | Swamp:4  | Reached skill level 19 in Shields
 26724 | Swamp:4  | Got a decaying rune of Zot
 26881 | Spider:1 | Entered Level 1 of the Spider Nest
 27066 | Spider:1 | Identified the +3 ring mail of Untruth {Fly}
 27533 | Spider:1 | Noticed Imhoden's ghost (journeyman MiFi)
 27554 | Spider:1 | Found a transporter.
 27555 | Spider:1 | Noticed Arachne
 27564 | Spider:1 | Found a transporter.
 27615 | Spider:1 | Killed Arachne
 27616 | Spider:1 | Reached XP level 17. HP: 129/160 MP: 14/16
 27687 | Spider:1 | Killed Imhoden's ghost
 28126 | Spider:1 | Reached skill level 20 in Shields
 29934 | Spider:2 | Found a runed translucent gate.
 29934 | Spider:2 | Found a runed translucent gate.
 29934 | Spider:2 | Found a runed translucent gate.
 29936 | Spider:2 | Noticed Lucloalu's ghost (adept DjWz)
 30152 | Spider:3 | Reached skill level 21 in Shields
 31515 | Spider:4 | Entered Level 4 of the Spider Nest
 31870 | Spider:4 | Found a runed translucent door.
 31873 | Spider:4 | Noticed MiltankisOP's ghost (adept GnWn)
 31922 | Spider:4 | Killed MiltankisOP's ghost
 31930 | Spider:4 | Identified the ring of Awe {Contam MP-9 EV+4 Str+5 Dex+5}
 32481 | Spider:4 | Reached skill level 22 in Shields
 32777 | Spider:4 | Reached XP level 18. HP: 172/172 MP: 17/17
 33393 | Spider:4 | Got a gossamer rune of Zot
 33811 | Lair:3   | Noticed Jingleheimer's ghost (journeyman FoFi)
 33817 | Lair:3   | Found a transporter.
 33828 | Lair:3   | Found a transporter.
 34967 | Spider:2 | Killed Lucloalu's ghost
 35245 | Lair:3   | Reached skill level 23 in Shields
 35268 | Lair:3   | Killed Jingleheimer's ghost
 35274 | Lair:3   | Identified the ring "Qihis" {rElec rN+ SInv}
 35988 | Vaults:1 | Entered Level 1 of the Vaults
 36458 | Vaults:1 | Paralysed by a sphinx for 5 turns
 36889 | Vaults:1 | Found Affuroeg's Book Boutique.
 37016 | Vaults:1 | Cast into level 2 of the Abyss (a wizard)
 37215 | Abyss:4  | Found a corrupted altar of Lugonu.
 37252 | Abyss:5  | Entered Level 5 of the Abyss
 37319 | Abyss:5  | Found a corrupted altar of Lugonu.
 37330 | Abyss:5  | Noticed a Hell Sentinel
 37355 | Vaults:1 | Escaped the Abyss
 37392 | Vaults:1 | Cast into level 2 of the Abyss (a wizard)
 37494 | Abyss:2  | HP: 1/174 [hell hog/fireball (11)]
 37547 | Vaults:1 | Escaped the Abyss
 37600 | Vaults:1 | Cast into level 2 of the Abyss (a wizard)
 37610 | Abyss:2  | Noticed a bone dragon
 37655 | Abyss:2  | Killed a bone dragon
 37777 | Abyss:2  | Found a broken altar of Ashenzari.
 37846 | Abyss:2  | Lost intelligence.
 37848 | Abyss:2  | HP: 7/174 [large abomination (17)]
 37849 | Abyss:2  | HP: 3/174 [iron imp (4)]
 37882 | Abyss:2  | HP: 5/261 [spatial vortex[a spatial maelstrom] (11)]
 37891 | Abyss:2  | HP: 1/174 [thrashing horror (1)]
 37895 | Abyss:2  | Gained mutation: Your muscles are strong. (Str +2) [a
                  | cacodemon]
 37926 | Abyss:2  | HP: 8/174 [cacodemon (6)]
 37929 | Abyss:2  | HP: 2/174 [poisoned by an apocalypse crab (blast of chaos)]
 37931 | Abyss:2  | Slain by a cacodemon

Illustrated notes

Levels and vault maps discovered:
D:1:      saegor_arrival_miasma, layout_basic, chequers_serial_rivers_micro_c
D:2:      layout_basic, basic_altar,
          dreamdust_ecumenical_altar_angels_and_demons, uniq_robin
D:3:      layout_rooms, nicolae_overflow_ecumenical_swirl,
          mainiacjoe_overflow_chevrons, gammafunk_temple_overflow_elements,
          uniq_sigmund
D:4:      kennysheep_six_static_rooms, layout_cave_pools,
          minmay_temple_entry_glassed_door
D:5:      layout_cave_pools, serial_undead, serial_undead_c, serial_undead_f,
          serial_undead_d, serial_undead_b, serial_shops, shop, shop
D:6:      layout_loops_corners, overflow_temple_1_default, serial_glass,
          glass_columns_c, glass_columns_c, glass_columns_b, glass_columns_a,
          glass_columns_c, glass_columns_a, glass_columns_b, glass_columns_b,
          glass_columns_c, glass_columns_a, lemuel_flame_loot_1
D:7:      layout_rooms, zin_academy
D:8:      layout_gridville, minmay_misc_feat_rows
D:9:      layout_roguey, amcnicky_altar_gilded, serial_shops,
          nicolae_shop_window_shopping, minivault_24
D:10:     layout_layer_cave, minmay_lair_entry_grove, enter_bailey_8,
          minivault_10, minmay_crystal_water, hangedman_glass_teeth
D:11:     layout_basic, david_orc_2, uniq_grum
D:12:     layout_basic, uniq_nergalle, uniq_jorgrun
D:13:     layout_loops_ring
D:14:     layout_irregular_city, david_vaults_5, roderic_lattice_octagonal_star,
          nrook_pool_corridor, uniq_roxanne
D:15:     gammafunk_enter_depths_forms, layout_cave_pools, serial_shops,
          nicolae_shop_hallway_stairs
Temple:   regret_index_temple_waves
Lair:1:   layout_misc_corridors, serial_bayou_pond_b, serial_bayou_ford_a
Lair:2:   layout_concentric_octagons
Lair:3:   layout_long_grid, gammafunk_ghost_berserking_beasts,
          grunt_megastairs_5, serial_bayou_shore_a
Lair:4:   layout_gridlike, minmay_swamp_entry_reptiles,
          hellmonk_spider_entry_life_and_decay, gauntlet_entry_generic,
          grunt_megastairs_1
Lair:5:   layout_big_grid, dpeg_slime_entry_enclosed_altar, lemuel_fruit_tree,
          grunt_megastairs_3
Lair:6:   due_jungle_book, layout_cave_pods, serial_bayou_shore_b,
          grunt_megastairs_2
Swamp:1:  layout_basic_swamp, serial_swamp_ruin, hangedman_swamp_ruin_wall,
          evilmike_swamp_ruin_house_2, evilmike_swamp_ruin_house_6,
          infiniplex_staircase_pool_2, uniq_mlioglotl
Swamp:2:  layout_basic_swamp, evilmike_swamp_ruin_rubble_1
Swamp:3:  layout_basic_swamp, infiniplex_staircase_pool,
          beargit_elvish_explorers
Swamp:4:  swamp, layout_basic_swamp
Spider:1: layout_chambers, nzn_ghost_randoct, hellmonk_test_site
Spider:2: layout_spider_delve, gammafunk_ghost_necromancy
Spider:3: layout_chambers
Spider:4: grunt_spider_rune_circles, ebering_ghost_reflecting_pool,
          nicolae_spider_scorpion_nest
Vaults:1: hangedman_vaults_locks, vaults_mumra_minichess, v_misc_3,
          nicolae_vaults_three_branches, nicolae_vaults_angled_halls,
          vaults_room_stairs_pillars, nicolae_vaults_asterisk,
          layout_vaults_big_room, serial_shops, nicolae_shop_window_shopping
Abyss:2:  base: D:15, base: Spider:3, minivault_25, minivault_25, base: D:4,
          base: Temple, hangedman_abyss_or_decor_slice,
          evilmike_abyss_exit_chaos, gammafunk_abyss_exit_x_factor,
          lemuel_flamethrower_hall

Skill      XL: |  1  2  3  4  5  6  7  8  9 10 11 12 13 14 15 16 17 18 |
---------------+-------------------------------------------------------+-----
Shields        | 4 5 6 7 9 10 12 14 16 19 22 23 | 23.7
Fighting       | 4 5 6 7 8 10 11 13 14 15 16 18 | 18.9
Armour         | 4 5 6 8 9 11 13 14 15 16 17 | 17.0
Maces & Flails | 1 4 5 6 8 10 13 14 15 17 18 19 20 | 20.8
Dodging        | 1 3 5 6 7 |  7.1
Stealth        | 1 2 3 |  3.0
Evocations     | 1 |  1.5
Axes           | |  2.7

Action                   |  1- 3 |  4- 6 |  7- 9 | 10-12 | 13-15 | 16-18 || total
-------------------------+-------+-------+-------+-------+-------+-------++-------
Melee: War axe           |    34 |       |       |       |       |       ||    34
       Headbutt          |     8 |    12 |    48 |   121 |   431 |   809 ||  1429
       Mace              |    43 |    89 |   265 |   543 |  1412 |  2743 ||  5095
Evoke: Wand              |       |       |     4 |     5 |     1 |     8 ||    18
  Use: Potion            |       |       |     2 |     3 |     3 |    18 ||    26
       Scroll            |       |       |     1 |     8 |    21 |     4 ||    34
 Stab: Distracted        |       |       |       |     1 |       |       ||     1
       Confused          |       |       |       |       |       |     2 ||     2
       Paralysed         |       |       |       |       |       |     2 ||     2
Armor: Scale mail        |    39 |    28 |    28 |       |       |       ||    95
       Acid dragon scale |       |       |    28 |    11 |       |       ||    39
       Plate armour      |       |       |       |   222 |   509 |   931 ||  1662
Dodge: Dodged            |    39 |    32 |    81 |   101 |   205 |   695 ||  1153
       Repelled          |       |       |       |     3 |     3 |    10 ||    16
Block: Buckler           |    11 |     5 |    59 |   179 |       |       ||   254
       Kite shield       |       |       |       |    18 |   873 |  2484 ||  3375
